 Dungeon Crawl Stone Soup version 0.30-a0-422-g946f4849ff (webtiles) character file.

Game seed: 17488089179210324475

260 cforsyth the Chopper (level 6, -6/57 HPs)
             Began as a Hill Orc Monk on Dec 8, 2022.
             Blown up by Ijyb (17 damage)
             ... with a mindburst bolt
             ... on level 4 of the Dungeon.
             The game lasted 00:10:33 (3514 turns).

cforsyth the Chopper (Hill Orc Monk)                Turns: 3514, Time: 00:10:34

Health: -6/57      AC: 10    Str: 16    XL:     6   Next: 17%
Magic:  6/6        EV:  5    Int: 10    God:
Gold:   156        SH:  0    Dex: 13    Spells: 5/5 levels left

rFire   . . .      SeeInvis .    a - +0 hand axe
rCold   . . .      Faith    .    (no shield)
rNeg    . . .      Spirit   .    x - +0 plate armour
rPois   .          Reflect  .    (no helmet)
rElec   .          Harm     .    (no cloak)
rCorr   .          Rampage  .    (no gloves)
Will    .....                    (no boots)
Stlth   ..........               (no amulet)
HPRegen 0.29/turn                (no ring)
MPRegen 0.10/turn                (no ring)

@: no status effects
A: no striking features
a: no special abilities


You were on level 4 of the Dungeon.
You visited 1 branch of the dungeon, and saw 4 of its levels.

You collected 182 gold pieces.
You spent 26 gold pieces at shops.

Inventory:

Hand Weapons
 a - a +0 hand axe (weapon)
Armour
 b - a +0 robe
 x - a +0 plate armour (worn)
Jewellery
 s - a +6 ring of strength
Wands
 v - a wand of charming (6)
Scrolls
 d - 3 scrolls of enchant weapon {unknown}
 e - a scroll of magic mapping {unknown}
 f - a scroll of silence {unknown}
 g - 3 scrolls of amnesia {unknown}
 k - 2 scrolls of noise {unknown}
 l - a scroll of poison {unknown}
 p - a scroll of summoning {unknown}
 q - a scroll of immolation {unknown}
 t - a scroll of fog {unknown}
 u - a scroll of enchant armour {unknown}
Potions
 c - 2 potions of ambrosia
 h - a potion of curing {unknown}
 i - a potion of brilliance {unknown}
 m - 2 potions of invisibility
 o - 2 potions of might
 w - a potion of heal wounds {unknown}


   Skills:
 + Level 5.9 Fighting
 + Level 6.5 Axes
 + Level 2.0 Armour
 - Level 2.4 Dodging
 - Level 1.5 Stealth


You had 5 spell levels left.
You didn't know any spells.
Your spell library contained the following spells:

 Spells                   Type           Power      Damage    Failure   Level
 Freeze                   Ice            0%         1d3       100%        1


Dungeon Overview and Level Annotations

Branches:
Dungeon (4/15)
 Temple: D:4-7

Altars:

Shops:
D:1 (   D:3 [[=?

Annotations:
D:4 Ijyb


Message History

You are too injured to fight recklessly!
You are too injured to fight recklessly!
You are too injured to fight recklessly!
You are too injured to fight recklessly!
You are too injured to fight recklessly!
You are too injured to fight recklessly!
You are too injured to fight recklessly!
You are too injured to fight recklessly!
You hit Ijyb.
Ijyb is moderately wounded.
Ijyb hits you with a +0 dagger.
You hit Ijyb but do no damage.
Ijyb is moderately wounded.
Ijyb zaps a wand.
You barely resist. You barely miss Ijyb.
Ijyb is moderately wounded.
Ijyb hits you but does no damage.
You hit Ijyb but do no damage.
Ijyb is moderately wounded.
Ijyb barely misses you.
You hit Ijyb.
Ijyb is moderately wounded.
Ijyb zaps a wand.
You barely resist. You miss Ijyb.
Ijyb is moderately wounded.
Ijyb hits you but does no damage.
You closely miss Ijyb.
Ijyb is moderately wounded.
Ijyb hits you but does no damage.
You hit Ijyb.
Ijyb is severely wounded.
Ijyb zaps a wand.
Your mind is blasted!
* * * LOW HITPOINT WARNING * * *
You miss Ijyb.
Ijyb is severely wounded.
Ijyb hits you but does no damage.
You closely miss Ijyb.
Ijyb is severely wounded.
Ijyb zaps a wand.
Your mind is blasted!
You die...

###...#.....##
.##...#......#......#
......#......#......#
......'......#......#
......#......#......#
......#......#......#
......#......#......#
......#......#......#
......#......'..@g..#
#######......########
########


You could see Ijyb (resistant).

Vanquished Creatures
  A jelly (D:4)
  Jessica (D:3)
  An iguana (D:4)
  Robin (D:2)
  7 adders
  A worm (D:3)
  4 dart slugs
  An orc (D:2)
  6 endoplasms
  4 giant cockroaches
  14 goblins
  14 hobgoblins
  12 kobolds
  7 quokkas
  4 ball pythons
  4 bats
  4 frilled lizards
  6 rats
92 creatures vanquished.

Vanquished Creatures (others)
  A fungus (D:3)
1 creature vanquished.

Grand Total: 93 creatures vanquished

Notes
Turn   | Place    | Note
-------+----------+-------------------------------------------
     0 | D:1      | cforsyth the Hill Orc Monk began the quest for the Orb.
     0 | D:1      | Reached XP level 1. HP: 19/19 MP: 1/1
   109 | D:1      | Reached XP level 2. HP: 22/27 MP: 2/2
   319 | D:1      | Reached XP level 3. HP: 34/34 MP: 3/3
   353 | D:1      | Found Pafidux's Weapon Emporium.
   510 | D:2      | Noticed Robin
   517 | D:2      | Reached skill level 5 in Axes
   775 | D:1      | Reached XP level 4. HP: 24/41 MP: 4/4
  1171 | D:2      | Reached skill level 5 in Fighting
  1267 | D:2      | Killed Robin
  1880 | D:3      | Found Wedgh's Magic Scroll Boutique.
  1886 | D:3      | Bought a scroll of identify for 26 gold pieces
  2001 | D:3      | Found Gaostryaska's Jewellery Shop.
  2050 | D:3      | Reached XP level 5. HP: 28/48 MP: 5/5
  2068 | D:3      | Found Xeus's Armour Emporium.
  2137 | D:3      | Found a faded altar of an unknown god.
  2156 | D:3      | Got Plato's Tome of Firn
  2213 | D:3      | Noticed Jessica
  2234 | D:3      | Killed Jessica
  2235 | D:3      | Reached skill level 6 in Axes
  2374 | D:3      | Found Joxzotz's Antique Armour Shop.
  2624 | D:3      | Reached skill level 1 in Armour
  3236 | D:4      | Reached XP level 6. HP: 47/57 MP: 6/6
  3494 | D:4      | Noticed Ijyb
  3514 | D:4      | Blown up by Ijyb

Illustrated notes

Levels and vault maps discovered:
D:1:      saegor_arrival_simple_c, layout_rooms, serial_shops,
          nicolae_square_shop
D:2:      layout_loops_ring, st_stairs_5, minmay_tetromino_o2, uniq_robin
D:3:      layout_rooms, shapermc_ecumenical_altar_rom_forum, serial_shops, shop,
          nicolae_lakefront_shop, nicolae_shop_statue_plus,
          nicolae_shop_crystal, fountainhead, minmay_cupped, uniq_jessica
D:4:      layout_gridville, grunt_ministairs_8, uniq_ijyb

Skill      XL: |  1  2  3  4  5  6 |
---------------+-------------------+-----
Fighting       | 4 5 |  5.9
Axes           | 5 6 |  6.5
Armour         | 1 2 |  2.0
Dodging        | |  2.4
Stealth        | |  1.5

Action                   |  1- 3 |  4- 6 || total
-------------------------+-------+-------++-------
Melee: Hand axe          |   117 |   273 ||   390
       Punch             |       |     1 ||     1
  Use: Scroll            |       |     3 ||     3
 Stab: Sleeping          |     2 |       ||     2
Armor: Robe              |    18 |    22 ||    40
       Chain mail        |       |    54 ||    54
       Plate armour      |       |    26 ||    26
Dodge: Dodged            |    75 |   114 ||   189

Table legend: (Time is in decaauts)
 A = Elapsed time spent in this place.
 B = Non-inter-level travel time spent in this place.
 C = Inter-level travel time spent in this place.
 D = Time resting spent in this place.
 E = Time spent auto-exploring this place.
 F = Levels seen in this place.
 G = Mean time per level.
                   A        B        C        D        E       F      G
               +--------+--------+--------+--------+--------+-----+--------+
         Total |   3527 |   3491 |     36 |    236 |   2492 |   4 |  881.8 |
       Dungeon |   3527 |   3491 |     36 |    236 |   2492 |   4 |  881.8 |
               +--------+--------+--------+--------+--------+-----+--------+

Top non-repeatable levels by time:
     D:2: 1072 daAuts
     D:3: 846 daAuts
     D:1: 821 daAuts
     D:4: 786 daAuts
